[Event "Schachfestival Open-A 2018"]
[Site "Lueneburg"]
[Date "2018.07.06"]
[Round "1"]
[White "Karpatchev, Aleksandr"]
[Black "Hesse, Juergen"]
[Result "1-0"]
[ECO "C24"]
[WhiteElo "2469"]
[BlackElo "1925"]
[Annotator "ChessBase"]
[PlyCount "35"]
[EventDate "2018.07.06"]
[EventType "swiss"]
[EventCountry "GER"]
[SourceTitle "playchess.com"]
[Source "ChessBase"]
[SourceQuality "1"]
[TimeControl "40/5400+30:1800+30"]

1. e4 e5 2. Bc4 Nf6 3. d3 c6 4. Nf3 d5 5. Bb3 Nbd7 6. O-O Be7 7. exd5 Nxd5 8. Re1 f6 9. d4 exd4 10. Qxd4 N7b6 11. Qe4 Kf8 12. Nc3 Bd6 13. Bd2 Bd7 14. Rad1 Qc7 15. Qh4 Ne7 16. Ne4 Ng6 17. Qh5 Bf4 18. Bb4+ 1-0

[Event "Schachfestival Open-A 2018"]
[Site "Lueneburg"]
[Date "2018.07.06"]
[Round "1"]
[White "Kumsiashvili, Nikoloz"]
[Black "Roehr, Oliver"]
[Result "1-0"]
[ECO "D37"]
[WhiteElo "2411"]
[BlackElo "1900"]
[Annotator "ChessBase"]
[PlyCount "69"]
[EventDate "2018.07.06"]
[EventType "swiss"]
[EventCountry "GER"]
[SourceTitle "playchess.com"]
[Source "ChessBase"]
[SourceQuality "1"]
[TimeControl "40/5400+30:1800+30"]

1. d4 Nf6 2. c4 e6 3. Nf3 d5 4. Nc3 Be7 5. cxd5 exd5 6. Bg5 O-O 7. Qc2 Re8 8. e3 Ne4 9. Bxe7 Rxe7 10. Bd3 Nxc3 11. Bxh7+ Kh8 12. bxc3 g6 13. Bxg6 fxg6 14. Qxg6 Rg7 15. Qh6+ Kg8 16. h4 Bg4 17. Ne5 Qd6 18. Qxd6 cxd6 19. Nd3 Nd7 20. f3 Bf5 21. Nf4 Nb6 22. g4 Bd7 23. Kf2 Rc8 24. Rac1 Kf7 25. h5 Kg8 26. Rhg1 Rf8 27. g5 Kh7 28. Rg3 Rf5 29. Rcg1 Bc6 30. h6 Rg8 31. g6+ Kh8 32. Ne6 Rf6 33. g7+ Kh7 34. Ng5+ Kxh6 35. Nf7+ 1-0

[Event "Schachfestival Open-A 2018"]
[Site "Lueneburg"]
[Date "2018.07.06"]
[Round "1"]
[White "Colpe, Malte"]
[Black "Kiesel, Lucas"]
[Result "1-0"]
[ECO "A40"]
[WhiteElo "2382"]
[BlackElo "1893"]
[Annotator "ChessBase"]
[PlyCount "131"]
[EventDate "2018.07.06"]
[EventType "swiss"]
[EventCountry "GER"]
[SourceTitle "playchess.com"]
[Source "ChessBase"]
[SourceQuality "1"]
[TimeControl "40/5400+30:1800+30"]

1. d4 e6 2. Nf3 Nf6 3. Bf4 d5 4. e3 Bd6 5. Bg3 O-O 6. Bd3 b6 7. Nbd2 Bb7 8. Ne5 c6 9. O-O Nbd7 10. Nxf7 Rxf7 11. Bxd6 c5 12. Bg3 c4 13. Be2 b5 14. Bf3 Qe7 15. a4 Qb4 16. axb5 Qxb5 17. Qe2 Bc6 18. Rfb1 Nb6 19. b3 c3 20. Qxb5 Bxb5 21. Ra5 a6 22. Nf1 Ne4 23. Bxe4 dxe4 24. Bd6 Nd5 25. Ng3 Nf6 26. Be5 Ng4 27. Rba1 Raf8 28. Bd6 Rd8 29. Bb4 Nxf2 30. Bxc3 Rc8 31. Bb4 Ng4 32. c4 Bc6 33. Rxa6 Rb7 34. Bc5 Rxb3 35. Nf1 Rc3 36. h3 Nh6 37. Nd2 Nf5 38. R6a3 Rxe3 39. Rxe3 Nxe3 40. Re1 Nf5 41. Nxe4 Rd8 42. Ng5 Nxd4 43. Nxe6 Nxe6 44. Rxe6 Be8 45. Be3 Kf7 46. Ra6 Bd7 47. c5 Rc8 48. Kf2 h5 49. Bd4 Rc6 50. Ra8 Rc8 51. Ra7 Ke6 52. Ra6+ Rc6 53. Ra7 g6 54. Ke3 Ke7 55. Kf4 Ke8 56. Ke5 Bf5 57. Kd5 Bd7 58. Be5 Rc8 59. Ra6 Bf5 60. c6 Bc2 61. Ra7 Bb3+ 62. Kc5 Bf7 63. Bd6 Bb3 64. Re7+ Kd8 65. c7+ Rxc7+ 66. Rxc7 1-0

[Event "Schachfestival Open-A 2018"]
[Site "Lueneburg"]
[Date "2018.07.06"]
[Round "1"]
[White "Buchenau, Frank"]
[Black "Ploder, Udo"]
[Result "0-1"]
[ECO "C50"]
[WhiteElo "2275"]
[BlackElo "1874"]
[Annotator "NA"]
[PlyCount "80"]
[EventDate "2018.07.06"]
[EventType "swiss"]
[EventCountry "GER"]
[SourceTitle "playchess.com"]
[Source "ChessBase"]
[SourceQuality "1"]
[TimeControl "40/5400+30:1800+30"]

1. e4 e5 2. Bc4 Nf6 3. d3 Bc5 4. Nf3 Nc6 5. O-O O-O 6. c3 d5 7. exd5 Nxd5 8. Re1 {[%emt 0:00:09] LiveBook: 177 Games} Bg4 9. h3 {[%emt 0:00:54] C54: Giuoco Piano: 4 c3 Nf6, main lines with 5 d4 and 5 d3} Bh5 10. b4 (10. g4 Bg6 11. Nxe5 Nxe5 12. Rxe5 c6 13. Qf3 Bd6 14. Re1 Kh8 15. Bxd5 cxd5 16. Bf4 d4 17. cxd4 {1-0 (38) McShane,L (2640)-Sethuraman,S (2646) Riadh 2017}) 10... Bxf3 11. Qxf3 Ndxb4 12. cxb4 Bd4 13. Nd2 $146 ({Predecessor:} 13. Bg5 Qxg5 14. b5 Na5 15. Na3 Bxa1 16. Rxa1 Qd2 {0-1 (34) Yearwood,S (1670)-Winter Roach,A (2155) Port of Spain 2017}) 13... Bxa1 14. Ne4 {[%emt 0:00:52] [#]} Nd4 $1 ({Don't go for} 14... Nxb4 $2 15. Bg5 $18) 15. Qh5 g6 16. Qd1 Kg7 17. b5 {[%emt 0:14:19] [#]} (17. a4 $1 $11 {was the only way to keep the balance.}) 17... f5 (17... a6 $1 $17 18. b6 cxb6) 18. Bg5 Qe8 19. Qxa1 Nc2 $2 (19... fxe4 $11 20. Qc1 Kh8) 20. Qc1 Nxe1 21. Nc5 Nxd3 22. Bxd3 (22. Bh6+ $142 Kh8 23. Nxd3) 22... f4 {[%emt 0:01:48] [#]} (22... b6 {kämpft weiter.}) 23. Qc4 $1 ({Stronger than} 23. Nxb7 h6 $17) 23... Rf7 $2 (23... Qf7 {is a better chance.}) 24. Ne6+ Kh8 25. Qd5 Rc8 (25... h6 {might work better.} 26. Bxh6 Qd7 27. Qxe5+ Kh7) 26. Qxe5+ Kg8 27. Bc4 c6 28. bxc6 Rxc6 29. Bd5 Rc5 30. Qd4 Rxd5 31. Qxd5 Rf5 32. Qb3 Qb5 33. Qc3 Qd7 34. Qc4 $2 ({Weiss kommt nicht vorbei an} 34. Bh6 $18) 34... b5 35. Qb3 (35. Qe2 $1 $11 {keeps the balance.}) 35... Qd5 36. Bxf4 Qxb3 37. axb3 Rf6 38. Be3 Rxe6 39. Bxa7 Re1+ 40. Kh2 Rb1 $19 0-1

[Event "Schachfestival Open-A 2018"]
[Site "Lueneburg"]
[Date "2018.07.06"]
[Round "1"]
[White "Weishaeutel, Moritz"]
[Black "Gronsfeld, Stefan"]
[Result "1-0"]
[ECO "C11"]
[WhiteElo "2236"]
[BlackElo "1853"]
[Annotator "NA"]
[PlyCount "67"]
[EventDate "2018.07.06"]
[EventType "swiss"]
[EventCountry "GER"]
[SourceTitle "playchess.com"]
[Source "ChessBase"]
[SourceQuality "1"]
[TimeControl "40/5400+30:1800+30"]

1. e4 e6 2. d4 d5 3. Nc3 Nf6 4. e5 Nfd7 5. f4 c5 6. Nf3 Nc6 7. Be3 Be7 8. Qd2 a6 9. dxc5 Nxc5 {[%emt 0:00:27] C11: French: Classical System: 4 e5 and 4 Bg5 dxe4} 10. Qf2 (10. a3 O-O 11. Rd1 b6 12. Be2 a5 13. O-O Ba6 14. Bxa6 Rxa6 {½-½ (48) Nabaty,T (2650)-Kovalenko,I (2659) Martuni 2017}) 10... Nd7 11. O-O-O b5 12. Kb1 Qc7 13. Nd4 Nxd4 14. Bxd4 Nc5 15. Bd3 b4 16. Ne2 Bd7 17. Qg3 $146 ({Predecessor:} 17. g4) 17... g6 18. f5 Nxd3 19. fxe6 Bxe6 20. cxd3 Qb7 21. Nf4 O-O-O (21... b3 $11) 22. Nxe6 fxe6 23. Qh3 Kd7 $1 24. Rhf1 Rdf8 25. Rxf8 Bxf8 26. Rf1 Be7 $1 27. Rf7 Qc7 $2 {[%emt 0:03:01] [#]} (27... Qb5 $11) 28. Qh4 $1 ({Not} 28. Rxh7 Rc8 $11) 28... Kd8 29. Qf2 Kd7 $2 {[%emt 0:01:27] [#]} (29... Ke8 30. Qf6 Bxf6 31. Rxc7 Bd8) 30. Rxe7+ $1 Kxe7 31. Qf6+ Kd7 32. Qxh8 Kc6 33. Qe8+ Kb7 $18 34. Qxe6 1-0

[Event "Schachfestival Open-A 2018"]
[Site "Lueneburg"]
[Date "2018.07.06"]
[Round "1"]
[White "Serreck, Uwe"]
[Black "Sebastian, Dirk"]
[Result "0-1"]
[ECO "B06"]
[WhiteElo "1921"]
[BlackElo "2447"]
[Annotator "ChessBase"]
[PlyCount "62"]
[EventDate "2018.07.06"]
[EventType "swiss"]
[EventCountry "GER"]
[SourceTitle "playchess.com"]
[Source "ChessBase"]
[SourceQuality "1"]
[TimeControl "40/5400+30:1800+30"]

1. e4 g6 2. d4 Bg7 3. Nc3 c6 4. Nf3 d6 5. h3 Nf6 6. Bd3 O-O 7. O-O Nbd7 8. Re1 e5 9. Be3 Qe7 10. a4 Re8 11. dxe5 dxe5 12. Qd2 Nc5 13. Rad1 b6 14. Bg5 Bb7 15. Bc4 Red8 16. Qe2 a6 17. Rxd8+ Rxd8 18. Rd1 Rxd1+ 19. Qxd1 b5 20. axb5 axb5 21. Bd3 h6 22. Bxf6 Bxf6 23. Qd2 Kg7 24. Na2 Ne6 25. Qe1 Qd6 26. b4 Bc8 27. Qe3 Nf4 28. Ne1 Be6 29. Nc1 Qxb4 30. Nb3 Bg5 31. Qc5 Qxe1+ 0-1

[Event "Schachfestival Open-A 2018"]
[Site "Lueneburg"]
[Date "2018.07.06"]
[Round "1"]
[White "Doederlein, Etienne"]
[Black "Sriram, Jha"]
[Result "0-1"]
[ECO "A46"]
[WhiteElo "1897"]
[BlackElo "2409"]
[Annotator "ChessBase"]
[PlyCount "52"]
[EventDate "2018.07.06"]
[EventType "swiss"]
[EventCountry "GER"]
[SourceTitle "playchess.com"]
[Source "ChessBase"]
[SourceQuality "1"]
[TimeControl "40/5400+30:1800+30"]

1. d4 Nf6 2. Nf3 c5 3. e3 g6 4. b3 Bg7 5. Bb2 O-O 6. Be2 b6 7. Nbd2 Bb7 8. c4 cxd4 9. Bxd4 Nc6 10. Bb2 Qc7 11. O-O Rfd8 12. a3 Rac8 13. Qc2 d5 14. cxd5 Nd4 15. Nxd4 Qxc2 16. Nxc2 Rxc2 17. Bxf6 Bxf6 18. Rad1 Bxd5 19. Bf3 Be6 20. Ne4 Rxd1 21. Nxf6+ exf6 22. Bxd1 Ra2 23. a4 Rb2 24. Bf3 Bxb3 25. Bc6 Rc2 26. Bb5 Ra2 0-1

[Event "Schachfestival Open-A 2018"]
[Site "Lueneburg"]
[Date "2018.07.06"]
[Round "1"]
[White "Eickhoff, Hermann"]
[Black "Hess, Mathias Christian"]
[Result "0-1"]
[ECO "B44"]
[WhiteElo "1867"]
[BlackElo "2243"]
[Annotator "NA"]
[PlyCount "66"]
[EventDate "2018.07.06"]
[EventType "swiss"]
[EventCountry "GER"]
[SourceTitle "playchess.com"]
[Source "ChessBase"]
[SourceQuality "1"]
[TimeControl "40/5400+30:1800+30"]

1. e4 c5 2. Nf3 e6 3. d4 cxd4 4. Nxd4 Nc6 5. Be3 Nf6 6. Bd3 d5 7. exd5 Nxd5 {[%emt 0:04:06] B44: Sicilian: Taimanov: 5 Nb5} 8. O-O (8. Nxc6 bxc6 9. Bd2 Bd6 10. Nc3 O-O 11. Ne4 Bc7 12. O-O f5 13. Ng5 e5 14. c4 Nb6 15. Be2 h6 16. Nf3 e4 17. Ne1 {0-1 (56) Ponomarenko,A (2240)-Alekseev,E (2636) Sochi 2016}) 8... Bd6 ({Better is} 8... Nxe3 $17 9. fxe3 Nxd4 10. exd4 Qxd4+ 11. Kh1 Qxb2) 9. Nxc6 bxc6 10. Qh5 g6 11. Qf3 $146 ({Predecessor:} 11. Qh6 Bf8 12. Qg5 Nxe3 13. Qxe3 Bg7 14. c3 Qb6 15. Qe2 O-O 16. Na3 Rd8 17. Rfd1 {½-½ (68) Svatos,J (2370)-Borulya,E (2230) Karvina 1992}) 11... Qc7 12. g3 Nxe3 13. Qxe3 O-O 14. Nd2 Be5 15. Nc4 Bg7 16. Rad1 Bb7 17. Qc5 Rfd8 18. Be4 Ba6 19. c3 (19. b3 $11 {keeps the balance.}) 19... Bf8 20. Qxc6 $2 (20. Qe5 $17 {war angesagt.} Qxe5 21. Nxe5 Bxf1 22. Rxf1) 20... Qxc6 21. Bxc6 Bxc4 22. Bxa8 Rxa8 23. Rfe1 Bxa2 24. Rd4 Bc5 25. Rd7 Bd5 26. b4 Bb6 27. Rc1 Rc8 28. Kf1 Rc4 29. Ke2 Kf8 30. f3 Ke8 31. Rd6 Ke7 32. Rxd5 exd5 33. Kd3 $19 Rc6 {[%emt 0:00:57] Kd4} 0-1

[Event "Schachfestival Open-A 2018"]
[Site "Lueneburg"]
[Date "2018.07.06"]
[Round "1"]
[White "Kollhoff, Josef"]
[Black "Bente, Bjoern"]
[Result "0-1"]
[ECO "A46"]
[WhiteElo "1853"]
[BlackElo "2219"]
[Annotator "NA"]
[PlyCount "96"]
[EventDate "2018.07.06"]
[EventType "swiss"]
[EventCountry "GER"]
[SourceTitle "playchess.com"]
[Source "ChessBase"]
[SourceQuality "1"]
[TimeControl "40/5400+30:1800+30"]

1. d4 e6 2. Nf3 Nf6 3. e3 b6 4. Bd3 Bb7 5. c4 c5 6. O-O Be7 7. Nc3 O-O 8. Re1 d5 9. b3 Nc6 10. Bb2 cxd4 11. exd4 {[%emt 0:01:04] LiveBook: 25 Games} Rc8 {[%emt 0:03:22] E14: Queen's Indian: Classical Variation (4 e3)} (11... Nb4 12. Be2 Rc8 13. Ne5 dxc4 14. bxc4 Ne4 15. Nxe4 Bxe4 16. Bg4 Bc2 17. Qf3 f5 18. Bh5 Ba4 19. d5 exd5 {0-1 (66) Ostovic,M (2352)-Saric,A (2543) Pula 2018}) 12. cxd5 Nxd5 13. Nxd5 Qxd5 14. Be4 Qh5 15. Rc1 Rfd8 16. Qe2 Bb4 $146 ({Predecessor:} 16... Ba8 17. a3 Bf6 18. h3 Ne7 19. Rxc8 Rxc8 20. Bxa8 Rxa8 {½-½ (43) Hottes,D (2080)-Baumbach,F (2146) Berlin 2012}) 17. Red1 Re8 18. Qe3 Ba8 19. Rc4 b5 $1 20. Rcc1 Bf8 21. a3 Ne7 22. Bxa8 Rxa8 23. Qg5 Qxg5 24. Nxg5 Nd5 25. g3 Rec8 26. Rxc8 Rxc8 27. Rc1 Rxc1+ 28. Bxc1 Nc3 29. Kf1 Be7 30. Nf3 f6 31. Bb2 Nd5 32. Ke2 Kf7 33. h4 a5 34. Kd3 Kg6 35. Ng1 ({White should play} 35. Nd2 $15) 35... Kf5 36. Ne2 (36. Nf3 $142) 36... Kg4 37. Ng1 h5 38. Bc1 (38. Ke2 $17) 38... f5 39. Bb2 $2 (39. a4 b4 40. Bd2) 39... f4 40. Ne2 Kf3 41. Nxf4 (41. a4 $142 bxa4 42. bxa4) 41... Nxf4+ 42. gxf4 Bxh4 43. d5 exd5 44. Bxg7 Kxf4 45. Kd4 $19 Bxf2+ 46. Kxd5 h4 47. Be5+ Kf3 48. Bh2 Kg2 {Kd4} 0-1

[Event "Schachfestival Open-A 2018"]
[Site "Lueneburg"]
[Date "2018.07.06"]
[Round "1"]
[White "Rothenberg, Jannik"]
[Black "Simantsev, Mikhail"]
[Result "0-1"]
[ECO "E10"]
[WhiteElo "1756"]
[BlackElo "2434"]
[Annotator "ChessBase"]
[PlyCount "110"]
[EventDate "2018.07.06"]
[EventType "swiss"]
[EventCountry "GER"]
[SourceTitle "playchess.com"]
[Source "ChessBase"]
[SourceQuality "1"]
[TimeControl "40/5400+30:1800+30"]

1. d4 Nf6 2. c4 e6 3. Nf3 c5 4. d5 exd5 5. cxd5 Bd6 6. Nc3 Bc7 7. e4 d6 8. h3 O-O 9. Bd3 a6 10. a4 Nbd7 11. O-O Re8 12. Bf4 Nf8 13. Nd2 Ng6 14. Bh2 Rb8 15. Re1 Ne5 16. Bxe5 Rxe5 17. Nc4 Re8 18. a5 Nd7 19. f4 b5 20. axb6 Nxb6 21. Nxb6 Rxb6 22. Qe2 a5 23. Kh1 Rb4 24. Ra4 Bd7 25. Rxb4 cxb4 26. Nb5 Bb8 27. Qf2 a4 28. Na7 Bc7 29. Nc6 Qa8 30. Rc1 Qb7 31. Qc2 a3 32. bxa3 bxa3 33. Rb1 Qc8 34. Qa4 Bxh3 35. f5 Bg4 36. Ba6 Qd7 37. Bd3 Bd8 38. Rb8 Kf8 39. Qxa3 Be7 40. Rxe8+ Qxe8 41. Nxe7 Qxe7 42. Qb4 Qh4+ 43. Kg1 Qg3 44. Qb8+ Ke7 45. Qc7+ Kf6 46. Qd8+ Ke5 47. Qg5 f6 48. Qd2 h5 49. Bb1 h4 50. Kh1 h3 51. Qb2+ Kf4 52. Qd2+ Qe3 53. Qxe3+ Kxe3 54. Kh2 hxg2 55. Kxg2 Bf3+ 0-1

[Event "Schachfestival Open-A 2018"]
[Site "Lueneburg"]
[Date "2018.07.06"]
[Round "1"]
[White "Lau, Felix"]
[Black "Malakhatko, Vadim"]
[Result "0-1"]
[ECO "B23"]
[WhiteElo "1534"]
[BlackElo "2499"]
[Annotator "ChessBase"]
[PlyCount "64"]
[EventDate "2018.07.06"]
[EventType "swiss"]
[EventCountry "GER"]
[SourceTitle "playchess.com"]
[Source "ChessBase"]
[SourceQuality "1"]
[TimeControl "40/5400+30:1800+30"]

1. e4 c5 2. Nc3 e6 3. f4 Nc6 4. Bb5 Nge7 5. Nf3 a6 6. Bxc6 Nxc6 7. O-O Be7 8. d3 O-O 9. Qe1 b5 10. Qg3 d5 11. Ne5 Nd4 12. Qf2 Bb7 13. exd5 exd5 14. Be3 Nxc2 15. Qxc2 d4 16. Nxb5 axb5 17. Bc1 Qd5 18. b3 Rfe8 19. a4 f6 20. Nf3 Bd6 21. Bd2 Bc6 22. Rfc1 Re2 23. Qd1 Rae8 24. Kf1 R2e7 25. Qc2 Qh5 26. Qd1 Qf5 27. Ne1 Bxf4 28. Bxf4 Qxf4+ 29. Nf3 Re3 30. Rxc5 Bxf3 31. gxf3 Qxh2 32. Rc2 Re1+ 0-1

[Event "Schachfestival Open-A 2018"]
[Site "Lueneburg"]
[Date "2018.07.06"]
[Round "2"]
[White "Malakhatko, Vadim"]
[Black "Jolowicz, Matias"]
[Result "1-0"]
[ECO "E91"]
[WhiteElo "2499"]
[BlackElo "2100"]
[Annotator "ChessBase"]
[PlyCount "61"]
[EventDate "2018.07.06"]
[EventType "swiss"]
[EventCountry "GER"]
[SourceTitle "playchess.com"]
[Source "ChessBase"]
[SourceQuality "1"]
[TimeControl "40/5400+30:1800+30"]

1. c4 Nf6 2. Nf3 g6 3. Nc3 Bg7 4. e4 d6 5. d4 O-O 6. Be2 Na6 7. O-O e5 8. Be3 Ng4 9. Bg5 Qe8 10. h3 exd4 11. Nxd4 Ne5 12. Ndb5 h6 13. Be3 Be6 14. Nd5 Qd8 15. f4 Nd7 16. f5 Bxd5 17. cxd5 Nac5 18. Qc2 a6 19. Nd4 Qh4 20. Rf4 Qg3 21. Qd2 Be5 22. Nf3 Nf6 23. Nxe5 Ncxe4 24. Nd7 Nxd2 25. Nxf6+ Kg7 26. Bd4 Qxf4 27. Nh5+ Kh7 28. Nxf4 Rae8 29. Bd3 Ne4 30. fxg6+ fxg6 31. Ne6 1-0

[Event "Schachfestival Open-A 2018"]
[Site "Lueneburg"]
[Date "2018.07.06"]
[Round "2"]
[White "Sebastian, Dirk"]
[Black "Matzat, Andre"]
[Result "1-0"]
[ECO "A36"]
[WhiteElo "2447"]
[BlackElo "2081"]
[Annotator "ChessBase"]
[PlyCount "137"]
[EventDate "2018.07.06"]
[EventType "swiss"]
[EventCountry "GER"]
[SourceTitle "playchess.com"]
[Source "ChessBase"]
[SourceQuality "1"]
[TimeControl "40/5400+30:1800+30"]

1. c4 c5 2. g3 Nc6 3. Bg2 g6 4. Nc3 Bg7 5. a3 d6 6. Rb1 a5 7. d3 e5 8. Nf3 Nge7 9. Bd2 Rb8 10. O-O O-O 11. Nb5 d5 12. cxd5 Nxd5 13. Ng5 b6 14. Ne4 h6 15. Nbd6 Be6 16. Nc4 Qd7 17. Rc1 Nd4 18. Nc3 Ne7 19. a4 Kh7 20. Be3 Bh3 21. Bxd4 Bxg2 22. Kxg2 exd4 23. Ne4 Nd5 24. Re1 Rfe8 25. Qb3 Qg4 26. Kh1 Qd7 27. Kg1 f5 28. Ned2 Re6 29. Nf3 Rbe8 30. Kf1 Bf6 31. Na3 Kg7 32. Nc4 h5 33. Ncd2 g5 34. Nc4 g4 35. Ng1 Bg5 36. Ra1 h4 37. Qb5 Qc7 38. Qb3 R8e7 39. Nxa5 Nb4 40. Nc4 Qc6 41. f3 Qc7 42. Kg2 f4 43. h3 fxg3 44. e4 dxe3 45. hxg4 Nd5 46. Nh3 Nf4+ 47. Nxf4 Bxf4 48. Rh1 e2 49. Rae1 Bg5 50. Qc3+ Bf6 51. Qc1 Qd7 52. g5 Bd4 53. Rxh4 Bf2 54. Qc3+ Bd4 55. Qc2 Qd5 56. Nd2 Bf2 57. d4 Rg6 58. Re4 Rxe4 59. fxe4 Qxg5 60. Nf3 Qf4 61. Rxe2 cxd4 62. e5 Be3 63. Qc7+ Qf7 64. Qc8 Qd5 65. Rc2 Kh7 66. Rc7+ Rg7 67. Qf5+ Kh8 68. Qh5+ Kg8 69. Rc8+ 1-0

[Event "Schachfestival Open-A 2018"]
[Site "Lueneburg"]
[Date "2018.07.06"]
[Round "2"]
[White "Simantsev, Mikhail"]
[Black "Marxen, Peter"]
[Result "1-0"]
[ECO "E11"]
[WhiteElo "2434"]
[BlackElo "2068"]
[Annotator "ChessBase"]
[PlyCount "50"]
[EventDate "2018.07.06"]
[EventType "swiss"]
[EventCountry "GER"]
[SourceTitle "playchess.com"]
[Source "ChessBase"]
[SourceQuality "1"]
[TimeControl "40/5400+30:1800+30"]

1. d4 Nf6 2. c4 e6 3. Nf3 Bb4+ 4. Nbd2 O-O 5. a3 Be7 6. e3 d5 7. Bd3 c5 8. dxc5 dxc4 9. Nxc4 Bxc5 10. b4 Be7 11. Bb2 b6 12. O-O Bb7 13. Qe2 Nbd7 14. Rfd1 Qc7 15. Rac1 Qb8 16. Nce5 Nxe5 17. Nxe5 Rc8 18. b5 Rxc1 19. Rxc1 Qd6 20. Nc6 Bf8 21. e4 Qf4 22. Rc4 Qh6 23. e5 Nd5 24. Bc1 g5 25. Bxg5 Nc3 1-0

[Event "Schachfestival Open-A 2018"]
[Site "Lueneburg"]
[Date "2018.07.06"]
[Round "2"]
[White "Sriram, Jha"]
[Black "Popvasilev, Kaloyan"]
[Result "1-0"]
[ECO "A05"]
[WhiteElo "2409"]
[BlackElo "2020"]
[Annotator "ChessBase"]
[PlyCount "65"]
[EventDate "2018.07.06"]
[EventType "swiss"]
[EventCountry "GER"]
[SourceTitle "playchess.com"]
[Source "ChessBase"]
[SourceQuality "1"]
[TimeControl "40/5400+30:1800+30"]

1. Nf3 Nf6 2. g3 e6 3. Bg2 d5 4. O-O Nbd7 5. c4 dxc4 6. Qa4 a6 7. Qxc4 c5 8. Qc2 Qc7 9. d3 b5 10. b3 Bb7 11. Bb2 Bd6 12. Nbd2 O-O 13. Rac1 Rac8 14. Qb1 Qb8 15. Qa1 Qa8 16. Rfd1 Rfd8 17. e4 Be7 18. Ne1 Nb8 19. e5 Ne8 20. Ne4 c4 21. bxc4 bxc4 22. Qb1 cxd3 23. Rxc8 Rxc8 24. Qxd3 Nc6 25. Qe3 Na5 26. Qf4 Rd8 27. Nd6 Nxd6 28. exd6 Bf8 29. Nf3 Nc4 30. Ng5 Bxg2 31. Qxf7+ Kh8 32. Qxe6 h6 33. Qxh6+ 1-0

[Event "Schachfestival Open-A 2018"]
[Site "Lueneburg"]
[Date "2018.07.06"]
[Round "2"]
[White "Bente, Bjoern"]
[Black "Wobbe, Sven"]
[Result "1-0"]
[ECO "B43"]
[WhiteElo "2219"]
[BlackElo "2049"]
[Annotator "NA"]
[PlyCount "65"]
[EventDate "2018.07.06"]
[EventType "swiss"]
[EventCountry "GER"]
[SourceTitle "playchess.com"]
[Source "ChessBase"]
[SourceQuality "1"]
[TimeControl "40/5400+30:1800+30"]

1. e4 c5 2. Nf3 e6 3. d4 cxd4 4. Nxd4 a6 5. Nc3 Qc7 6. g3 Nf6 7. Bg2 Be7 8. O-O d6 9. f4 Nc6 10. Nb3 O-O 11. g4 Nd7 12. Be3 b5 13. Qe1 Bb7 14. Rd1 Nb6 15. Qg3 Nc4 16. Bc1 Rad8 17. g5 Rfe8 18. f5 N6e5 19. fxe6 fxe6 20. Nd4 Bc8 21. Kh1 Na5 22. Nce2 Nac6 23. c3 Bf8 24. Nf4 g6 25. Bh3 Nxd4 26. cxd4 Nc4 27. d5 e5 28. Ne6 Bxe6 29. Bxe6+ Kh8 30. Rf7 Re7 31. Rdf1 Rxf7 32. Rxf7 Be7 33. Rxh7+ 1-0

[Event "Schachfestival Open-A 2018"]
[Site "Lueneburg"]
[Date "2018.07.06"]
[Round "2"]
[White "Ngo, Minh Duc"]
[Black "Harringer, Manfred"]
[Result "1-0"]
[ECO "C78"]
[WhiteElo "2191"]
[BlackElo "1998"]
[Annotator "NA"]
[PlyCount "131"]
[EventDate "2018.07.06"]
[EventType "swiss"]
[EventCountry "GER"]
[SourceTitle "playchess.com"]
[Source "ChessBase"]
[SourceQuality "1"]
[TimeControl "40/5400+30:1800+30"]

1. e4 e5 2. Nf3 Nc6 3. Bb5 a6 4. Ba4 Nf6 5. O-O b5 6. Bb3 Bc5 7. d3 d6 8. c3 Ba7 9. a4 O-O 10. h3 h6 11. Na3 b4 12. Nc2 bxc3 13. bxc3 d5 14. Qe2 Be6 15. Ba3 Re8 16. Nd2 Na5 17. Ba2 Qd7 18. Nf3 dxe4 19. Nxe5 exd3 20. Qf3 Qc8 21. Nxd3 Bxa2 22. Rxa2 Nc4 23. Nd4 Qd7 24. Bc5 Qd5 25. Bxa7 Rxa7 26. Qxd5 Nxd5 27. Nc5 Raa8 28. Rc2 Reb8 29. Rd1 Rb2 30. Rxb2 Nxb2 31. Rb1 Nc4 32. Kh2 Nd6 33. Rb3 Kf8 34. Nc6 Ne7 35. Ne5 Ke8 36. a5 Kd8 37. Rb1 Kc8 38. Re1 Kd8 39. Re2 Rb8 40. Nxa6 Ra8 41. Nb4 c5 42. Nc2 Rxa5 43. Rd2 Ra6 44. Nxf7+ Kd7 45. Ne5+ Ke6 46. Nd3 Rc6 47. Re2+ Kf6 48. Ne3 Ng6 49. Nd5+ Kf7 50. h4 c4 51. N3b4 Rc5 52. h5 Nh4 53. g4 Nf3+ 54. Kg3 Ng5 55. Re7+ Kf8 56. f3 Nb5 57. Rb7 Nd6 58. Rd7 Ngf7 59. Nf4 Ke8 60. Ra7 Re5 61. Ng6 Re3 62. Nd5 Rd3 63. Ngf4 Ne4+ 64. Kh4 Rxf3 65. Ne6 Neg5 66. Re7# 1-0

[Event "Schachfestival Open-A 2018"]
[Site "Lueneburg"]
[Date "2018.07.06"]
[Round "2"]
[White "Kornitzky, Tino"]
[Black "Karpatchev, Aleksandr"]
[Result "0-1"]
[ECO "D20"]
[WhiteElo "2104"]
[BlackElo "2469"]
[Annotator "ChessBase"]
[PlyCount "90"]
[EventDate "2018.07.06"]
[EventType "swiss"]
[EventCountry "GER"]
[SourceTitle "playchess.com"]
[Source "ChessBase"]
[SourceQuality "1"]
[TimeControl "40/5400+30:1800+30"]

1. d4 d5 2. c4 dxc4 3. e3 e5 4. Bxc4 Nc6 5. Nf3 e4 6. Nfd2 Qg5 7. g3 Qg6 8. Nc3 Nf6 9. a3 Bd6 10. Qc2 O-O 11. O-O Bf5 12. Re1 h5 13. Bf1 h4 14. Bg2 Rfe8 15. Ne2 Ng4 16. b3 Qf6 17. Bb2 Bh7 18. Rf1 hxg3 19. hxg3 Qh6 20. Rfe1 Qh2+ 21. Kf1 Nf6 22. Nc4 Bf5 23. Ng1 Qh5 24. Nxd6 cxd6 25. Rec1 Ng4 26. Qc3 d5 27. Qc5 Rad8 28. b4 Nh2+ 29. Ke1 Nf3+ 30. Bxf3 exf3 31. Kd2 Be4 32. Qb5 Re7 33. Qf1 Bf5 34. Rc5 Bg4 35. Rac1 a6 36. Kc2 Na7 37. Kb1 Nb5 38. Ka2 Nd6 39. Qe1 Ne4 40. Rc7 Rxc7 41. Rxc7 Rc8 42. Rxc8+ Bxc8 43. Qc1 Bg4 44. Qc7 Nxf2 45. Qxb7 Nd1 0-1

[Event "Schachfestival Open-A 2018"]
[Site "Lueneburg"]
[Date "2018.07.06"]
[Round "2"]
[White "Bajorski, Marius"]
[Black "Kumsiashvili, Nikoloz"]
[Result "1/2-1/2"]
[ECO "B51"]
[WhiteElo "2060"]
[BlackElo "2411"]
[Annotator "ChessBase"]
[PlyCount "93"]
[EventDate "2018.07.06"]
[EventType "swiss"]
[EventCountry "GER"]
[SourceTitle "playchess.com"]
[Source "ChessBase"]
[SourceQuality "1"]
[TimeControl "40/5400+30:1800+30"]

1. e4 c5 2. Nf3 d6 3. Bb5+ Nd7 4. O-O a6 5. Bd3 Ngf6 6. Re1 e6 7. c3 Be7 8. Bc2 O-O 9. d4 cxd4 10. cxd4 b5 11. Bd2 Bb7 12. Bc3 Qb6 13. b3 Rfc8 14. Bb2 Nf8 15. Nbd2 Ng6 16. Nf1 Rc7 17. Qd2 Rac8 18. Bd3 d5 19. e5 Ne4 20. Qe3 Bb4 21. Rec1 Qa5 22. a3 Bc3 23. b4 Qa4 24. Rcb1 Bxb2 25. Rxb2 Rc3 26. Rba2 Nf4 27. Ne1 Nxd3 28. Nxd3 Qb3 29. Rb2 Qc4 30. Rd1 Rxa3 31. f3 Nc3 32. Rc1 Ne2+ 33. Rxe2 Qxd3 34. Qxd3 Rxd3 35. Rec2 Rc4 36. Kf2 Rdxd4 37. Ne3 Rd2+ 38. Rxd2 Rxc1 39. Rc2 Rxc2+ 40. Nxc2 f6 41. f4 d4 42. Nxd4 Bd5 43. g3 Kf7 44. Nc2 Ke7 45. Ke3 Bb3 46. Ne1 fxe5 47. fxe5 1/2-1/2